 Dungeon Crawl Stone Soup version 0.22.0-25-g7663229 (webtiles) character file.

3919 iamserjio the Cleaver (level 10, 22/65 HPs)
             Began as a Gargoyle Berserker on Aug 20, 2018.
             Was a Priest of Trog.
             Quit the game on level 1 of the Orcish Mines.
             The game lasted 00:23:53 (2277 turns).

iamserjio the Cleaver (Gargoyle Berserker)          Turns: 2277, Time: 00:23:54

Health: 22/65      AC: 21    Str: 22    XL:     10   Next: 20%
Magic:  10/10      EV:  9    Int:  8    God:    Trog [***...]
Gold:   137        SH:  0    Dex: 11    Spells: 9/9 levels left

rFire    . . .     SeeInvis .   t - +0 war axe
rCold    . . .     Gourm    .   (no shield)
rNeg     + . .     Faith    .   D - +0 plate armour
rPois    ∞         Spirit   .   (no helmet)
rElec    +         Reflect  .   (no cloak)
rCorr    .         Harm     .   B - +0 pair of gloves
MR       .....                  (no boots)
Stlth    ..........             (no amulet)
HPRegen  0.20/turn              k - +1 ring of evasion
MPRegen  0.12/turn              m - ring of attention (curse)

@: no status effects
A: negative energy resistance 1, electricity resistance, unbreathing,
petrification resistance, rot immunity, AC +7
a: Berserk, Trog's Hand, Renounce Religion


You were on level 1 of the Orcish Mines.
You worshipped Trog.
Trog was most pleased with you.
You were not hungry.

You visited 2 branches of the dungeon, and saw 11 of its levels.

You collected 137 gold pieces.

Inventory:

Hand Weapons
 a - a +0 hand axe
 p - a cursed -1 club
 q - a +2 whip of venom
 t - a +0 war axe (weapon)
Missiles
 v - 4 curare-tipped needles {!f}
Armour
 b - a +0 animal skin
 e - a +0 scale mail
 f - a +0 chain mail
 B - a +0 pair of gloves (worn)
 D - a +0 plate armour (worn)
Jewellery
 k - a +1 ring of evasion (left hand)
 m - a cursed ring of attention (right hand)
 s - an uncursed ring of flight
Wands
 n - a wand of scattershot (12)
 o - a wand of paralysis (5)
 x - a wand of clouds (5)
Scrolls
 h - 2 scrolls of enchant weapon
 i - a scroll of fog
 r - 2 scrolls of blinking
 u - 3 scrolls of immolation
 w - a scroll of teleportation {unknown}
 y - a scroll of brand weapon {unknown}
Potions
 d - a potion of heal wounds
 g - a potion of degeneration
 j - a potion of mutation {unknown}
 l - a potion of lignification
 z - a potion of magic {unknown}
 A - a potion of curing {unknown}
Comestibles
 c - 2 rations
 C - 10 chunks of flesh


   Skills:
 + Level 8.6 Fighting
 * Level 9.8 Axes
 + Level 7.3 Armour
 - Level 3.0 Dodging


You had 9 spell levels left.
You didn't know any spells.
Your spell library was empty.

Dungeon Overview and Level Annotations

Branches:
Dungeon (10/15)            Temple (0/1) D:6            Lair (0/6) D:9
    Orc (1/2) D:10

Altars:
Yredelemnul
The Shining One

Annotations:
D:9 2 transporters, Arum's ghost, journeyman DsGl


Innate Abilities, Weirdness & Mutations

You are resistant to torment.
Your stone body is resilient. (AC +7)
You are immune to poison.
You resist negative energy. (rN+)
You are resistant to electric shocks. (rElec)
You can survive without breathing.
You are immune to petrification.
You are immune to rotting.


Message History

Put on which piece of jewellery? (? for menu, Esc to quit)
You remove your ring of flight.
k - a +1 ring of evasion (left hand)
You climb downwards.
Welcome to the Orcish Mines! 3 orcs and 2 orc warriors come into view.
The orc warrior shouts!
The orc shouts!
The orc warrior shouts!
Found a stone staircase leading down.
There is a staircase back to the Dungeon here.
An orc priest comes into view. It is wielding a dagger.
The orc priest shouts!
You hear a shout!
An orc high priest comes into view. It is wielding a vampiric trident.
The orc priest calls down the wrath of Beogh upon you.
Beogh smites you!
* * * LOW HITPOINT WARNING * * *
The orc warrior throws a tomahawk.
The tomahawk hits you!
* * * LOW HITPOINT WARNING * * *
There is a staircase back to the Dungeon here.
You see here a tomahawk.
Unknown command.
Are you sure you want to abandon this character and quit the game? (Confirm with "yes".)

>...... ##
....... ###.##
....... #.#...#
.....#.#......#
..............#
.#.............
........#...#
.......@.#.#
...#....o.#
..........#
....o..oo...#
.............#
..#.......#.##
.#.##.o....##
... o#o..... ..
.o.......#


You could see an orc high priest, 2 orc warriors, an orc priest and 3 orcs.

Vanquished Creatures
  A troll (D:10)
  A wyvern (D:8)
  3 hungry ghosts
  3 orc warriors (D:10)
  3 sky beasts
  A necrophage (D:9)
  3 ogres
  A crocodile (D:8)
  A centaur (D:9)
  7 bullfrogs
  A scorpion (D:8)
  A wyvern skeleton (D:7)
  3 killer bees (D:9)
  4 wights (D:9)
  10 howler monkeys
  A bullfrog zombie (D:5)
  4 crimson imps
  A jelly (D:7)
  3 orc priests
  3 hounds
  2 iguanas
  2 worker ants
  6 orc wizards
  A hound zombie (D:7)
  A worker ant zombie (D:8)
  A howler monkey zombie (D:7)
  8 adders
  7 gnolls
  A howler monkey skeleton (D:6)
  An adder zombie (D:7)
  4 leopard geckos
  25 orcs
  2 bats
  A giant cockroach (D:1)
  5 goblins
  2 hobgoblins
  5 jackals
  3 quokkas
  2 frilled lizards
  A jackal skeleton (D:5)
  A kobold (D:3)
  A rat (D:1)
137 creatures vanquished.

Vanquished Creatures (others)
  A howler monkey skeleton (D:5)
  A shadow imp (D:5)
  A giant cockroach (D:5)
3 creatures vanquished.

Grand Total: 140 creatures vanquished

Notes
Turn   | Place    | Note
-------+----------+-------------------------------------------
     0 | D:1      | iamserjio the Gargoyle Berserker began the quest for the Orb.
     0 | D:1      | Reached XP level 1. HP: 14/14 MP: 1/1
    42 | D:2      | Reached skill level 3 in Axes
    42 | D:2      | Reached XP level 2. HP: 19/19 MP: 2/2
   151 | D:2      | Reached XP level 3. HP: 23/23 MP: 3/3
   391 | D:4      | Reached XP level 4. HP: 25/29 MP: 4/4
   450 | D:4      | Reached skill level 4 in Axes
   450 | D:4      | Reached XP level 5. HP: 26/33 MP: 5/5
   480 | D:5      | Entered Level 5 of the Dungeon
   513 | D:5      | Reached ** piety under Trog
   579 | D:5      | Reached XP level 6. HP: 32/39 MP: 6/6
   665 | D:6      | Reached skill level 5 in Axes
   715 | D:6      | Reached skill level 5 in Fighting
   735 | D:6      | Found a staircase to the Ecumenical Temple.
   793 | D:6      | Reached XP level 7. HP: 21/44 MP: 7/7
   961 | D:7      | Reached skill level 6 in Axes
  1112 | D:7      | Reached XP level 8. HP: 22/51 MP: 8/8
  1135 | D:8      | Noticed a wyvern
  1144 | D:8      | Killed a wyvern
  1147 | D:8      | Reached skill level 7 in Axes
  1158 | D:8      | Reached skill level 5 in Armour
  1235 | D:7      | Reached XP level 9. HP: 10/56 MP: 9/9
  1241 | D:7      | Reached skill level 8 in Axes
  1749 | D:9      | Reached skill level 9 in Axes
  1758 | D:9      | Found a glowing golden altar of the Shining One.
  1770 | D:9      | Found a basalt altar of Yredelemnul.
  1831 | D:9      | Found a staircase to the Lair.
  1884 | D:9      | Reached *** piety under Trog
  2026 | D:9      | Noticed Arum's ghost (journeyman DsGl)
  2027 | D:9      | Found a transporter.
  2027 | D:9      | Noticed a two-headed ogre
  2027 | D:9      | Noticed a two-headed ogre
  2027 | D:9      | Noticed a two-headed ogre
  2031 | D:9      | Found a transporter.
  2072 | D:10     | Entered Level 10 of the Dungeon
  2073 | D:10     | Noticed a troll
  2083 | D:10     | Killed a troll
  2083 | D:10     | Reached XP level 10. HP: 54/65 MP: 10/10
  2120 | D:10     | Found a staircase to the Orcish Mines.
  2272 | Orc:1    | Entered Level 1 of the Orcish Mines
  2274 | Orc:1    | Noticed an orc high priest
  2277 | Orc:1    | Quit the game

Skill      XL: |  1  2  3  4  5  6  7  8  9 |
---------------+----------------------------+-----
Axes           | 3 4 5 6 7 9 |  9.8
Dodging        | 2 3 |  3.0
Fighting       | 4 5 6 8 |  8.6
Armour         | 3 5 7 |  7.3

Action                   |  1- 3 |  4- 6 |  7- 9 | 10-12 || total
-------------------------+-------+-------+-------+-------++-------
Melee: Hand axe          |    49 |   125 |   193 |       ||   367
       Whip              |       |       |    12 |       ||    12
       War axe           |       |       |   132 |    60 ||   192
Invok: Berserk           |     1 |     4 |     7 |     1 ||    13
       Trog's Hand       |       |     3 |     9 |     1 ||    13
Evoke: Wand              |       |       |     1 |     9 ||    10
  Use: Scroll            |       |     4 |     1 |     2 ||     7
       Potion            |       |       |       |     1 ||     1
 Stab: Paralysed         |       |       |       |    12 ||    12
  Eat: Chunk             |       |     4 |    19 |     5 ||    28
       Ration            |       |       |     2 |     3 ||     5
Armor: Animal skin       |     8 |       |       |       ||     8
       Scale mail        |    20 |    63 |    15 |       ||    98
       Chain mail        |       |       |   247 |    54 ||   301
Dodge: Dodged            |    38 |   121 |   212 |    47 ||   418
